 Dungeon Crawl Stone Soup version 0.27-a0-1202-ge72e49191c (webtiles) character file.

Game seed: 9869768073610311382

67 Dordric the Chopper (level 4, -3/39 HPs)
             Began as a Hill Orc Monk on June 2, 2021.
             Was a Follower of Beogh.
             Slain by Grinder (6 damage)
             ... on level 3 of the Dungeon.
             The game lasted 00:02:43 (2530 turns).

Dordric the Chopper (Hill Orc Monk)                 Turns: 2530, Time: 00:02:44

Health: -3/39      AC:  8    Str: 14    XL:     4   Next: 16%
Magic:  4/4        EV:  6    Int: 10    God:    Beogh [*.....]
Gold:   95         SH:  0    Dex: 13    Spells: 3/3 levels left

rFire    . . .     SeeInvis .   a - +0 hand axe
rCold    . . .     Faith    .   (no shield)
rNeg     . . .     Spirit   .   d - +0 chain mail
rPois    .         Reflect  .   (no helmet)
rElec    .         Harm     .   (no cloak)
rCorr    .         Rampage  .   (no gloves)
Will     .....                  (no boots)
Stlth    ..........             (no amulet)
HPRegen  0.13/turn              (no ring)
MPRegen  0.09/turn              (no ring)

@: no status effects
A: no striking features
a: Renounce Religion


You were on level 3 of the Dungeon.
You worshipped Beogh.
Beogh was aware of your devotion.
You visited 1 branch of the dungeon, and saw 4 of its levels.

You collected 95 gold pieces.

Inventory:

Hand Weapons
 a - a +0 hand axe (weapon)
Armour
 b - a +0 robe
 d - a +0 chain mail (worn)
Jewellery
 g - a ring of magical power
Scrolls
 c - a scroll of amnesia {unknown}
 h - a scroll of fear {unknown}
 i - a scroll of noise {unknown}
 j - a scroll of identify {unknown}
Potions
 e - a potion of degeneration {unknown}
 f - a potion of brilliance {unknown}


   Skills:
 - Level 3.6 Fighting
 + Level 6.5 Axes
 - Level 2.4 Dodging
 - Level 1.5 Stealth


You had 3 spell levels left.
You didn't know any spells.
Your spell library was empty.

Dungeon Overview and Level Annotations

Branches:
Dungeon (4/15)
 Temple: D:4-7

Altars:

Annotations:
D:3 Grinder


Message History

Grinder is lightly wounded.
Grinder blinks!
You hit Grinder but do no damage.
Grinder is lightly wounded.
Grinder hits you.
Your chain mail prevents you from hitting Grinder.
Grinder is lightly wounded.
Grinder hits you.
You writhe in agony.
You are too injured to fight recklessly!
You are too injured to fight recklessly!
You are too injured to fight recklessly!
You are too injured to fight recklessly!
You are too injured to fight recklessly!
You are too injured to fight recklessly!
You are too injured to fight recklessly!
You are too injured to fight recklessly!
You are too injured to fight recklessly!
You are too injured to fight recklessly!
You are too injured to fight recklessly!
You are too injured to fight recklessly!
You are too injured to fight recklessly!
You are too injured to fight recklessly!
You are too injured to fight recklessly!
You are too injured to fight recklessly!
Your chain mail prevents you from hitting Grinder.
Grinder is lightly wounded.
Grinder gestures at you. Pain shoots through your body!
You hit Grinder.
Grinder is lightly wounded.
Grinder hits you.
* * * LOW HITPOINT WARNING * * *
You writhe in agony.
* * * LOW HITPOINT WARNING * * *
You slash Grinder!
Grinder is moderately wounded.
Grinder hits you.
* * * LOW HITPOINT WARNING * * *
You writhe in agony.
You die...

####### #............###
..........#####......#.##
.....##########.........###
...#............###........
.....######.)##.###.....##.
.....# #..###..........o
.<...######..####.#......).
......##........#.#........
...###.#.##..##5@.#.$......
###.#....##..##.>###.....##
##.........##..# #....#
#.....###.....# .....
#.###.......... ..... #.#
.....###..# #.# .....# #..#
#.# ..#### #..# #.# .. ...#


You could see Grinder.

Vanquished Creatures
  3 adders
  A dart slug (D:2)
  3 ball pythons
  An endoplasm (D:2)
  2 giant cockroaches
  A goblin (D:2)
  7 hobgoblins
  6 jackals
  3 kobolds
  A quokka (D:2)
  2 bats
  2 frilled lizards
  3 rats
35 creatures vanquished.

Vanquished Creatures (others)
  3 orcs (D:3)
  A ball python (D:3)
4 creatures vanquished.

Grand Total: 39 creatures vanquished

Notes
Turn   | Place    | Note
-------+----------+-------------------------------------------
     0 | D:1      | Dordric the Hill Orc Monk began the quest for the Orb.
     0 | D:1      | Reached XP level 1. HP: 19/19 MP: 1/1
   156 | D:1      | Reached XP level 2. HP: 21/26 MP: 2/2
   441 | D:1      | Reached skill level 5 in Axes
  1010 | D:2      | Reached XP level 3. HP: 20/31 MP: 3/3
  1541 | D:2      | Reached skill level 6 in Axes
  2190 | D:3      | Became a worshipper of Beogh the Brigand
  2190 | D:3      | Reached * piety under Beogh
  2190 | D:3      | Reached ** piety under Beogh
  2192 | D:3      | Reached XP level 4. HP: 36/39 MP: 4/4
  2261 | D:3      | Noticed Grinder
  2267 | D:3      | Paralysed by Grinder for 2 turns
  2530 | D:3      | Slain by Grinder

Illustrated notes

Levels and vault maps discovered:
D:1:      ncdulo_wetmaze, layout_loops_cross, minmay_crystal_water
D:2:      layout_rooms, item_on_display_a
D:3:      layout_loops_ring, lightli_temple_of_fire, serial_glass,
          glass_columns_b, glass_columns_c, uniq_ijyb, uniq_grinder
D:4:      cheibrodos_greedy_goblins, layout_basic, corexii_hall_statues_t

Skill      XL: |  1  2  3 |
---------------+----------+-----
Axes           | 5 6 |  6.5
Fighting       | |  3.6
Dodging        | |  2.4
Stealth        | |  1.5

Action                   |  1- 3 |  4- 6 || total
-------------------------+-------+-------++-------
Melee: Hand axe          |   113 |    20 ||   133
Invok: Convert to Beogh  |     1 |       ||     1
       Smiting           |       |     1 ||     1
  Use: Potion            |     1 |       ||     1
 Stab: Sleeping          |     6 |       ||     6
Armor: Robe              |    16 |       ||    16
       Chain mail        |     4 |     5 ||     9
Dodge: Dodged            |    69 |     4 ||    73

Table legend: (Time is in decaauts)
 A = Elapsed time spent in this place.
 B = Non-inter-level travel time spent in this place.
 C = Inter-level travel time spent in this place.
 D = Time resting spent in this place.
 E = Time spent auto-exploring this place.
 F = Levels seen in this place.
 G = Mean time per level.
                   A        B        C        D        E       F      G
               +--------+--------+--------+--------+--------+-----+--------+
         Total |   2544 |   2510 |     34 |      0 |   2191 |   4 |  636.0 |
       Dungeon |   2544 |   2510 |     34 |      0 |   2191 |   4 |  636.0 |
               +--------+--------+--------+--------+--------+-----+--------+

Top non-repeatable levels by time:
     D:2: 1132 daAuts
     D:1: 1019 daAuts
     D:4: 228 daAuts
     D:3: 164 daAuts
